 BcadrenCrawl: Boulder Brew version 0.04.21-209-g19e16bb646 (webtiles) character file.

Game seed: 711295259305044622, levelgen mode: deterministic

43 st0uf the Ducker (level 3, 29/29 HPs) Immature Draconian Demonspawn. Began on May 25, 2021. Quit the game on level 1 of the Dungeon. The game lasted 00:03:29 (752 turns).

st0uf the Ducker (Immature Draconian Demonspawn)     Turns: 752, Time: 00:03:30

Health: 29/29      AC: 11    Str: 16    XL:     3 ^: 35
Magic:  5/5        EV: -3    Int: 12    God:
Gold:   85         SH:  0    Dex: 11    Spells: 3/4 levels left

rFire    . . .     Vision   .   a - +0 morningstar
rCold    . . .     Gourm    .   (no weapon)
rNeg     . . .     Faith    .   b - +0 leather armour
rPois    .         Spirit   .   (helmet restricted)
rElec    .         Reflect  .   f - +1 cloak
rCorr    .         Harm     .   (no gloves)
MR       .....                  (no boots)
Stlth    ..........             (no amulet)
HPRegen  0.19/turn              (no ring)
MPRegen  0.15/turn              (no ring)

@: no status effects
A: claws 1, cold-blooded, AC +6
a: Breathe Dart


You were on level 1 of the Dungeon.
You were hungry.

You visited 1 branch of the dungeon, and saw 1 of its levels.

You collected 85 gold pieces.

Inventory:

Weapons
 a - a +0 morningstar (weapon)
Armour
 b - a +0 leather armour (worn)
 f - a +1 cloak (worn)
Jewellery
 h - an uncursed ring of strength
Scrolls
 c - 3 scrolls of magic mapping
 e - a scroll of fear
 g - a scroll of acquirement
 j - a scroll of teleportation
Potions
 i - a potion of cancellation
Comestibles
 d - 2 rations


   Skills:
 + Level 2.1 Fighting
 + Level 1.8 Maces & Staves
 + Level 3.1 Dodging
 + Level 1.4 Stealth
 + Level 1.3 Spellcasting
 - Level 1.5 Fire Magic
   Level 3.0 Invocations


You had 3 spell levels left.
You knew the following spells:

 Your Spells              Type           Power        Failure   Level  Hunger
a - Flame Tongue          Fire           4 (30)       100%        1    ##.....

Your spell library contained the following spells:

 Spells                   Type           Power        Failure   Level  Hunger
 Blink                    Tloc           N/A          100%        2    ###....
 Call Imp                 Summ           0 (100)      100%        2    ###....
 Slow                     Hex            0 (100)      100%        2    ###....
 Conjure Flame            Fire           4 (100)      100%        3    ####...
 Mephitic Cloud           Pois/Air       0 (100)      100%        3    ####...


Dungeon Overview and Level Annotations

Branches:
Dungeon (1/8)

Altars:


Innate Abilities, Weirdness & Mutations

Your plain brown scales are resilient. (AC +6)
You can breathe rudimentary magical darts.
You have sharp fingernails. (+3 Unarmed)
You are cold-blooded and are slowed more easily by cold attacks.


Message History

The hobgoblin hits you with a +0 club (1).
There is an open door here.
You closely miss the hobgoblin. x2
The hobgoblin hits you but does no damage.
You barely miss the hobgoblin.
Your leather armour prevents you from hitting the hobgoblin.
The hobgoblin hits you but does no damage.
You thump the hobgoblin (7)!
You kill the hobgoblin!
Things that are here:
a +0 club; a hobgoblin corpse You open the door.
There is an open door here.
There is an open door here.
Things that are here:
a +0 club; a hobgoblin corpse
There is an open door here.
You are feeling hungry.
Found a stone staircase leading down.
Are you sure you want to abandon this character and quit the game? (Confirm with "yes".)

#...#......#
##)####...####. .#
.##................
...............#..#
.....†..........≈≈≈
................ >#
......###....... ≈#
.####.########.##.#.#.#.
.# #...........@.......
.# ##.#######.##.######
.#####..........#...
.........#####..#####
#######..# #..# <..##
##.## #..# ....# #..#
#..# ....# ##.# #..#
§§..# #.## #..#


There were no monsters in sight!

Vanquished Creatures
  A giant cockroach (D:1)
  2 cinder newts (D:1)
  3 ball pythons (D:1)
  2 goblins (D:1)
  2 hobgoblins (D:1)
  3 kobolds (D:1)
  4 rats (D:1)
17 creatures vanquished.

Notes
Turn   | Place    | Note
-------+----------+-------------------------------------------
     0 | D:1      | st0uf the Immature Draconian Demonspawn began the quest for
                  | the Orb.
     0 | D:1      | Reached XP level 1. HP: 16/16 MP: 3/3
   289 | D:1      | Identified a scroll of acquirement
   435 | D:1      | Gained mutation: You have sharp fingernails. (+3 Unarmed)
                  | [demonic ancestry]
   435 | D:1      | Reached XP level 2. HP: 23/23 MP: 4/4
   632 | D:1      | Reached XP level 3. HP: 28/29 MP: 5/5
   752 | D:1      | Quit the game

Levels and vault maps discovered:
D:1:      lemuel_arrival_lava_pool, layout_basic, minmay_pentomino_pile,
          portal_sewer_entry_a

Skill      XL: |  1  2 |
---------------+-------+-----
Dodging        | 3 |  3.1
Fighting       | 2 |  2.1
Maces & Staves | |  1.8
Stealth        | |  1.4
Spellcasting   | |  1.3
Fire Magic     | |  1.5
Invocations    | |  3.0

Action                   || total
-------------------------++-------
Melee: Morningstar       ||   155
       Unarmed           ||   141
Armor: Leather armour    ||   182
